 Dungeon Crawl Stone Soup version 0.28-a0-1493-g08698888e4 (webtiles) character file.

Game seed: 2803564260055500599

1069 croobank the Covert (level 8, -12/34 HPs)
             Began as a Felid Delver on Jan 12, 2022.
             Was a Priest of Ru.
             Engulfed by a steam dragon's steam (14 damage)
             ... on level 7 of the Dungeon on Jan 13, 2022.
             The game lasted 00:29:47 (7260 turns).

croobank the Covert (Felid Delver)                  Turns: 7260, Time: 00:29:48

Health: -12/34     AC:  2    Str: 16    XL:     8   Next: 7%
Magic:  9/9        EV: 23    Int: 12    God:    Ru [***...]
Gold:   162        SH:  0    Dex: 23    Spells: 5/7 levels left
                                        Lives:  0   Deaths: 2

rFire   x . .      SeeInvis +     - Unarmed
rCold   . . .      Faith    .   (shield unavailable)
rNeg    . . .      Spirit   .   (armour unavailable)
rPois   .          Reflect  .   (helmet unavailable)
rElec   .          Harm     .   (cloak unavailable)
rCorr   .          Rampage  .   (gloves unavailable)
Will    +....                   (boots unavailable)
Stlth   +++++.....              d - amulet of magic regeneration
HPRegen 0.11/turn               j - +6 ring of dexterity
MPRegen 0.51/turn               p - +6 ring of strength

@: quick
A: very small, claws 1, fangs 3, see invisible, speed 1, shaggy fur 2, hated by
all, stealthy paws, temperature sensitive, no weapons or thrown items, no
armour, multi-lived, cold resistance 1, frail 1
a: Renounce Religion, Draw Out Power


You were on level 7 of the Dungeon.
You worshipped Ru.
Ru was most pleased with you.
You visited 2 branches of the dungeon, and saw 8 of its levels.

You collected 247 gold pieces.
You spent 85 gold pieces at shops.

Inventory:

Missiles
 b - 163 stones
 v - 10 poisoned darts
Jewellery
 d - an amulet of magic regeneration (around neck)
 j - a +6 ring of dexterity (left paw)
 p - a +6 ring of strength (right paw)
 u - a ring of flight
Wands
 e - a wand of digging (3)
 l - a wand of flame (29)
 w - a wand of paralysis (7)
Scrolls
 a - a scroll of fog
 c - a scroll of enchant armour
 f - a scroll of fear
 g - 3 scrolls of immolation
 h - 2 scrolls of blinking
 i - a scroll of enchant weapon {unknown}
 k - a scroll of magic mapping
 n - a scroll of acquirement {unknown}
 r - a scroll of vulnerability {unknown}
 s - a scroll of amnesia {unknown}
 t - a scroll of holy word
Potions
 m - 2 potions of mutation
 o - a potion of degeneration {unknown}
 q - a potion of might


   Skills:
 + Level 5.9 Fighting
 + Level 7.2 Dodging
 + Level 9.9 Stealth
 + Level 5.3 Unarmed Combat
 + Level 4.0 Translocations


You had 5 spell levels left.
You knew the following spells:

 Your Spells              Type           Power      Damage    Failure   Level
a - Blink                 Tloc           18%        N/A       10%         2

Your spell library contained the following spells:

 Spells                   Type           Power      Damage    Failure   Level
 Gell's Gravitas          Tloc           9%         N/A       19%         3
 Teleport Other           Tloc           9%         N/A       19%         3
 Static Discharge         Conj/Air       0%         N/A       45%         2
 Manifold Assault         Tloc           9%         N/A       86%         5
 Leda's Liquefaction      Hex/Erth       0%         N/A       97%         4
 Lightning Bolt           Conj/Air       0%         1d11      100%        5
 Dispersal                Tloc           4%         N/A       100%        6
 Storm Form               Tmut/Air       0%         N/A       100%        7
 Maxwell's Capacitive Co  Air            0%         ∞         100%        8
 Portal Projectile        Hex/Tloc       Unusable   N/A       N/A         3
 Call Canine Familiar     Summ           Unusable   N/A       N/A         3

Dungeon Overview and Level Annotations

Branches:
Dungeon (7/15)             Temple (1/1) D:4

Altars:
Ashenzari
Cheibriados
Dithmenos
Elyvilon
Hepliaklqana
Kikubaaqudgha
Makhleb
Nemelex Xobeh
Okawaru
Qazlal
Ru
Sif Muna
Uskayaw
Vehumet
Wu Jian
Xom
Zin
The Shining One

Shops:
D:3 *!?**

Annotations:
D:4 1 runed translucent door, Shayle's ghost, novice DjWz


Innate Abilities, Weirdness & Mutations

You have sharp claws.
You have razor-sharp teeth.
You have supernaturally acute eyesight. (SInv)
You cover ground quickly. (Speed+)
You are covered in thick fur. (AC +2)
You are hated by all.
Your paws help you pounce on unaware monsters.
You are sensitive to extremes of temperature. (rF-, rC-)
You are incapable of wielding weapons or throwing items.
You cannot wear armour.
You gain extra lives every three experience levels.
Your flesh is cold resistant. (rC+)
You are frail. (-10% HP)


Message History

The steam dragon hisses angrily.
You claw the steam dragon!
The steam dragon is moderately wounded.
The steam dragon begins to attack, but is stunned by your conviction!
You scratch the steam dragon.
The steam dragon is moderately wounded.
The steam dragon completely misses you. x2
You scratch the steam dragon.
The steam dragon is moderately wounded.
The steam dragon closely misses you. The steam dragon misses you.
You closely miss the steam dragon.
The steam dragon is moderately wounded.
The steam dragon barely misses you. x2
You scratch the steam dragon.
The steam dragon is moderately wounded.
The steam dragon begins to attack, but is stunned by your conviction!
You scratch the steam dragon but do no damage.
The steam dragon is moderately wounded.
The steam dragon completely misses you. The steam dragon claws you.
You focus your inner power and illuminate the steam dragon in retribution!
You scratch the steam dragon.
The steam dragon is heavily wounded.
The steam dragon barely misses you. The steam dragon claws you.
You scratch the steam dragon but do no damage.
The steam dragon is heavily wounded.
The steam dragon breathes steam at you. The ball of steam misses you.
You claw the steam dragon!
The steam dragon is severely wounded.
You are engulfed in a cloud of scalding steam.
Unknown command.
You scratch the steam dragon.
The steam dragon is almost dead.
You are engulfed in a cloud of scalding steam.
* * * LOW HITPOINT WARNING * * *
The steam dragon closely misses you. x2
You scratch the steam dragon but do no damage.
The steam dragon is almost dead.
You are engulfed in a cloud of scalding steam.
You die...

.....#
#.###.######..#
#.###.#########
#..#..........
#..#..........
#.###..####+#
###.####'#
#.§.#....#
+§..'....#
#§@###.### #.D#
#.# #... ..#
#......#
#..##### #..#
.... ....


You could see a steam dragon (catching breath, corona).

Vanquished Creatures
  Sigmund (D:6)
  Duvessa (D:6)
  A sky beast (D:6)
  A black bear (D:5)
  A necrophage (D:6)
  An ogre (D:6)
  A phantom (D:6)
  Blork the orc (D:6)
  4 scorpions
  Dowan (D:6)
  A jelly (D:5)
  A centaur skeleton (D:5)
  2 hounds
  A bullfrog skeleton (D:6)
  5 iguanas
  A killer bee zombie (D:6)
  A hound zombie (D:5)
  4 gnolls
  6 adders
  A howler monkey skeleton (D:6)
  A shadow imp (D:6)
  An ufetubus (D:3)
  3 dart slugs
  9 orcs
  4 endoplasms
  3 giant cockroaches
  4 hobgoblins
  A jackal (D:1)
  2 quokkas
  8 ball pythons
  10 bats
  A frilled lizard (D:2)
  8 goblins
  7 kobolds
  8 rats
106 creatures vanquished.

Notes
Turn   | Place    | Note
-------+----------+-------------------------------------------
     0 | D:5      | croobank the Felid Delver began the quest for the Orb.
     0 | D:5      | Reached XP level 1. HP: 10/10 MP: 2/2
    18 | D:5      | Noticed a black bear
    21 | D:5      | Noticed an iguana
    45 | D:4      | Noticed a scorpion
    51 | D:4      | Noticed a scorpion
    76 | D:3      | Reached XP level 2. HP: 7/14 MP: 3/3
   286 | D:3      | Found Ysixe's Distillery.
   647 | D:1      | Reached XP level 3. HP: 11/17 MP: 4/4
   931 | D:1      | Reached skill level 7 in Stealth
  1384 | D:1      | Found a faded altar of an unknown god.
  1384 | D:1      | Noticed a chaos spawn
  1393 | D:1      | Prayed at the altar of an unknown god.
  1393 | D:1      | Became a worshipper of Ru the Awakened
  1422 | D:1      | Gained mutation: You are sensitive to extremes of
                  | temperature. (rF-, rC-) [Ru sacrifice]
  1422 | D:1      | Reached * piety under Ru
  1422 | D:1      | Reached ** piety under Ru
  2347 | D:3      | Found Wusas's General Store.
  2354 | D:3      | Reached XP level 4. HP: 14/21 MP: 5/5
  2394 | D:3      | Found Koim's Magic Scroll Emporium.
  2400 | D:3      | Bought a potion of might for 52 gold pieces
  2452 | D:3      | Found Ivvaal's Assorted Antiques.
  2457 | D:3      | Bought a scroll of teleportation for 33 gold pieces
  2508 | D:3      | Found Xoyzo's Assorted Antiques.
  3157 | D:4      | Found a staircase to the Ecumenical Temple.
  3174 | Temple   | Entered the Ecumenical Temple
  3234 | D:4      | Found a runed translucent door.
  3235 | D:4      | Noticed Shayle's ghost (novice DjWz)
  3427 | D:4      | HP: 1/22 [scorpion (1)]
  3428 | D:4      | Succumbed to a scorpion's poison
  3429 | D:4      | Reached XP level 3. HP: 0/18 MP: 4/4
  3459 | D:4      | Killed a scorpion
  3460 | D:4      | Reached XP level 4. HP: 4/22 MP: 5/5
  3727 | D:4      | Gained mutation: Your flesh is cold resistant. (rC+)
                  | [potion of mutation]
  3727 | D:4      | Gained mutation: You are frail. (-10% HP) [potion of
                  | mutation]
  3727 | D:4      | Gained mutation: You are covered in thick fur. (AC +2)
                  | [potion of mutation]
  3740 | D:4      | Killed a scorpion
  3741 | D:4      | Reached XP level 5. HP: 19/22 MP: 6/6
  3941 | D:4      | Reached skill level 8 in Stealth
  4180 | D:5      | Reached skill level 5 in Dodging
  4180 | D:5      | Mutation became permanent: You are covered in fur. (AC +1)
                  | [Felid growth]
  4180 | D:5      | Gained mutation: You are covered in thick fur. (AC +2)
                  | [Felid growth]
  4180 | D:5      | Reached XP level 6. HP: 12/26 MP: 7/7
  5238 | D:5      | Gained mutation: You are hated by all. [Ru sacrifice]
  5238 | D:5      | Reached *** piety under Ru
  5403 | D:6      | Noticed Blork the orc
  5411 | D:6      | Killed Blork the orc
  5532 | D:6      | Reached XP level 7. HP: 17/28 MP: 8/8
  5536 | D:6      | Noticed Sigmund
  5680 | D:5      | Reached skill level 5 in Fighting
  5937 | D:6      | Reached skill level 9 in Stealth
  5937 | D:6      | Reached skill level 1 in Translocations
  6066 | D:5      | Splashed by a jelly's acid
  6067 | D:5      | Reached XP level 6. HP: -5/27 MP: 7/7
  6238 | D:6      | Reached XP level 7. HP: 22/29 MP: 8/8
  6320 | D:6      | Noticed Dowan
  6321 | D:6      | Noticed Duvessa
  6487 | D:6      | Killed Duvessa
  6686 | D:6      | Killed Sigmund
  6687 | D:6      | Reached skill level 5 in Unarmed Combat
  6692 | D:6      | Learned a level 2 spell: Blink
  6711 | D:6      | Killed Dowan
  6899 | D:6      | Reached XP level 8. HP: 34/34 MP: 9/9
  7260 | D:7      | Engulfed by a steam dragon's steam

Illustrated notes

Levels and vault maps discovered:
D:1:      dpeg_arrival_long_road, layout_rooms,
          dreamdust_ecumenical_altar_sealed_demon, minmay_pentomino_r4
D:2:      layout_rooms, serial_corexii_hall, corexii_hall_statues_deadend,
          corexii_hall_statues_l, chequers_hall_statues_wall_a,
          corexii_hall_statues_l, kennysheep_cross_bottleneck
D:3:      layout_basic, serial_shops, shop, shop, shop,
          nicolae_shop_statue_plus, nicolae_diamond_shop, hex_tiny,
          saegor_snake_ambush
D:4:      layout_gridville, minmay_temple_entry_tees, gammafunk_ghost_grave,
          dk_noncrumbling_3
D:5:      layout_basic, hangedman_abyss_or_decor_jellyfish_corner,
          hangedman_minor_gate_pass
D:6:      layout_basic, uniq_duvessa, uniq_sigmund, uniq_blork_the_orc
D:7:      layout_gridville
Temple:   dpeg_three_leaves_temple

Skill      XL: |  1  2  3  4  5  6  7 |
---------------+----------------------+-----
Dodging        | 3 4 5 7 |  7.2
Stealth        | 7 8 9 |  9.9
Unarmed Combat | 3 4 5 |  5.3
Fighting       | 4 5 |  5.9
Translocations | 2 4 |  4.0

Action                   |  1- 3 |  4- 6 |  7- 9 || total
-------------------------+-------+-------+-------++-------
Melee: Unarmed           |   112 |   152 |    94 ||   358
       Bite              |    13 |    15 |    19 ||    47
       Punch             |     2 |     8 |     3 ||    13
Invok: Sacrifice Resista |     1 |       |       ||     1
       Draw Out Power    |       |     1 |     1 ||     2
       Sacrifice Love    |       |     1 |       ||     1
  Use: Scroll            |     2 |     4 |     3 ||     9
       Potion            |     1 |     6 |       ||     7
 Stab: Sleeping          |    11 |    13 |     3 ||    27
       Distracted        |     1 |     1 |     1 ||     3
       Invisible         |       |     1 |       ||     1
Armor: Skin              |    12 |     6 |     4 ||    22
Dodge: Dodged            |   115 |   120 |    86 ||   321

Table legend: (Time is in decaauts)
 A = Elapsed time spent in this place.
 B = Non-inter-level travel time spent in this place.
 C = Inter-level travel time spent in this place.
 D = Time resting spent in this place.
 E = Time spent auto-exploring this place.
 F = Levels seen in this place.
 G = Mean time per level.
                   A        B        C        D        E       F      G
               +--------+--------+--------+--------+--------+-----+--------+
         Total |   6560 |   6421 |    139 |   2647 |   2396 |   8 |  820.0 |
       Dungeon |   6534 |   6397 |    137 |   2647 |   2378 |   7 |  933.4 |
        Temple |     25 |     23 |      2 |      0 |     18 |   1 |   25.0 |
               +--------+--------+--------+--------+--------+-----+--------+

Top non-repeatable levels by time:
     D:5: 1203 daAuts
     D:3: 1190 daAuts
     D:4: 1093 daAuts
     D:1: 1050 daAuts
     D:6: 1016 daAuts
     D:2: 724 daAuts
     D:7: 256 daAuts
  Temple: 25 daAuts
